 Dungeon Crawl Stone Soup version 0.27-a0-1149-g4505690ab0 (webtiles) character file.

Game seed: 7117194785022937368

19544 st0uf the Blocker (level 12, 0/71 HPs)
             Began as a Gargoyle Fighter on May 13, 2021.
             Was an Elder of Dithmenos.
             Hit by a silver javelin thrown by a minotaur (3 damage)
             ... in a Gauntlet.
             The game lasted 01:21:47 (14562 turns).

st0uf the Blocker (Gargoyle Fighter)               Turns: 14562, Time: 01:21:47

Health: 0/71       AC: 24    Str: 29    XL:     12   Next: 70%
Magic:  19/19      EV: 12    Int: 16    God:    Dithmenos [****..]
Gold:   788        SH: 18    Dex:  9    Spells: 16/21 levels left

rFire    . . .     SeeInvis .   s - +4 mace (vorpal)
rCold    . . .     Faith    .   c - +0 kite shield
rNeg     + . .     Spirit   .   i - +0 chain mail of the Doldrums {Str+2}
rPois    ∞         Reflect  +   R - +1 helmet {Int+3}
rElec    +         Harm     .   (no cloak)
rCorr    .         Rampage  .   N - +0 pair of gloves
Will     .....     NoTele   +   J - +0 pair of boots
Stlth    +.........             h - amulet of reflection
HPRegen  0.21/turn              l - +6 ring of strength
MPRegen  0.16/turn              m - +4 ring of evasion

@: wreathed by umbra
A: sickness immunity, AC +8, negative energy resistance 1, electricity
resistance, torment resistance 1, petrification resistance
a: Renounce Religion, Shadow Step


You were in a Gauntlet.
You worshipped Dithmenos.
Dithmenos was greatly pleased with you.
You visited 2 branches of the dungeon, and saw 12 of its levels.
You also visited: Sewer, Bailey and Gauntlet.

You collected 995 gold pieces.
You spent 207 gold pieces at shops.

Inventory:

Hand Weapons
 s - a +4 vorpal mace (weapon)
 B - the +9 broad axe "Babluon" {speed, Str-5 Dex+5}
   (You bought it in a shop on level 5 of the Dungeon)

   Attacks with this weapon are significantly faster.
   It affects your strength (-5).
   It affects your dexterity (+5).
 P - a +2 scimitar of flaming
Missiles
 f - 21 poisoned darts (quivered)
 j - 369 stones
 q - 76 boomerangs
 v - 5 curare-tipped darts
Armour
 c - a +0 kite shield (worn)
 i - the +0 chain mail of the Doldrums (worn) {Str+2}
   (You found it in a bailey)

   It affects your strength (+2).
 J - a +0 pair of boots (worn)
 N - a +0 pair of gloves (worn)
 R - a +1 helmet of intelligence (worn)
Magical Staves
 x - a staff of cold
Jewellery
 h - an amulet of reflection (around neck)
 l - a +6 ring of strength (left hand)
 m - a +4 ring of evasion (right hand)
 A - a ring of positive energy
 D - a +6 ring of dexterity
 K - a ring of see invisible
 U - the ring "Nipheschu" {rF+ rN+}
   (You found it in a Gauntlet)

   [ring of protection from fire]

   It protects you from fire.
   It protects you from negative energy.
Wands
 b - a wand of flame (16)
 r - a wand of iceblast (4)
 t - a wand of acid (8)
 H - a wand of charming (9)
Scrolls
 k - a scroll of blinking
 p - a scroll of noise
 w - 5 scrolls of teleportation
 y - 3 scrolls of magic mapping
 E - a scroll of fog {unknown}
 I - a scroll of vulnerability {unknown}
 L - a scroll of silence {unknown}
 O - a scroll of enchant armour {unknown}
 Q - a scroll of identify
 S - 2 scrolls of fear
Potions
 a - 4 potions of cancellation
 d - 2 potions of might
 e - 4 potions of heal wounds
 g - 3 potions of lignification
 o - 3 potions of curing
 u - a potion of mutation
 z - a potion of magic
 C - a potion of berserk rage
 F - a potion of ambrosia
 G - 3 potions of resistance
 M - 4 potions of brilliance
Miscellaneous
 n - a box of beasts


   Skills:
 + Level 6.4 Fighting
 + Level 9.2 Maces & Flails
 + Level 5.1 Throwing
 + Level 7.2 Armour
 - Level 0.5 Dodging
 * Level 9.8 Stealth
 + Level 10.9 Shields
 * Level 5.0 Spellcasting
 * Level 6.9 Earth Magic
 + Level 6.1 Invocations


You had 16 spell levels left.
You knew the following spells:

 Your Spells              Type           Power      Damage    Failure   Level
a - Lee's Rapid Deconstr  Erth           13%        3d10*     88%         5

Your spell library contained the following spells:

 Spells                   Type           Power      Damage    Failure   Level
 Sandblast                Erth           52%        2d12      7%          1
 Passwall                 Tmut/Erth      12%        N/A       41%         2
 Stone Arrow              Conj/Erth      30%        3d8       65%         3
 Animate Skeleton         Necr           8%         N/A       75%         1
 Apportation              Tloc           8%         N/A       75%         1
 Beastly Appendage        Tmut           8%         N/A       75%         1
 Corona                   Hex            4%         N/A       75%         1
 Foxfire                  Conj/Fire      16%        2x1d4     75%         1
 Freeze                   Ice            16%        1d4       75%         1
 Shock                    Conj/Air       16%        1d4       75%         1
 Summon Small Mammal      Summ           16%        N/A       75%         1
 Static Discharge         Conj/Air       4%         N/A       87%         2
 Wereblood                Tmut           4%         N/A       87%         2
 Petrify                  Tmut/Erth      15%        N/A       96%         4
 Conjure Flame            Conj/Fire      4%         6-21      98%         3
 Frozen Ramparts          Ice            8%         1d2       98%         3
 Inner Flame              Hex/Fire       4%         N/A       98%         3
 Ozocubu's Armour         Ice            4%         N/A       98%         3
 Spider Form              Tmut/Pois      2%         N/A       98%         3
 Swiftness                Air            4%         N/A       98%         3
 Airstrike                Air            2%         N/A       100%        4
 Hailstorm                Conj/Ice       4%         3d4       100%        4
 Ice Form                 Ice/Tmut       4%         N/A       100%        4
 Sticky Flame             Conj/Fire      4%         2d3       100%        4
 Summon Lightning Spire   Summ/Air       4%         N/A       100%        4
 Fireball                 Conj/Fire      2%         3d4       100%        5
 Hydra Form               Tmut           2%         N/A       100%        5
 Lightning Bolt           Conj/Air       2%         1d13      100%        5
 Metabolic Englaciation   Hex/Ice        2%         N/A       100%        5
 Silence                  Hex/Air        2%         N/A       100%        5
 Conjure Ball Lightning   Conj/Air       2%         3x3d6     100%        6
 Tornado                  Air            2%         N/A       100%        9


Dungeon Overview and Level Annotations

Branches:
Dungeon (9/15)             Temple (0/1) D:4            Lair (3/6) D:8
 Shoals (0/4) Lair:2        Sewer (visited)          Bailey (visited)
Gauntlet (1/1)
  Snake: Lair:2-4    Spider: Lair:2-4       Orc: D:9-12

Altars:
Dithmenos
Elyvilon
Fedhas
Gozag
Hepliaklqana
Kikubaaqudgha
Okawaru
Qazlal
Yredelemnul
The Shining One

Shops:
D:5 (   D:9 [

Annotations:
Gauntlet 6 transporters, exclusion: ice statue


Innate Abilities, Weirdness & Mutations

You are immune to sickness and miasma.
Your stone body is resilient. (AC +8)
You are immune to poison.
You resist negative energy. (rN+)
You are resistant to electric shocks. (rElec)
You are resistant to unholy torment.
You are immune to petrification.


Message History

You block the minotaur's attack. x2
You hit the minotaur but do no damage.
The minotaur is moderately wounded.
You block the minotaur's attack. x2
You barely miss the minotaur.
The minotaur furiously retaliates!
The minotaur headbutts you.
The minotaur is moderately wounded.
The minotaur hits you with the +10 trident of Kismet {vorpal, rF- Will+ SInv}.
* * * LOW HITPOINT WARNING * * *
x2 You block the minotaur's attack.
You completely miss the minotaur.
The minotaur furiously retaliates!
The minotaur headbutts you, but does no damage.
The minotaur is moderately wounded.
You block the minotaur's attack. x2
You block the minotaur's attack.
Throw: 24 darts (poison)
Press: ? - help, Q - select action, (/) - cycle Shift-Dir - straight line, f - minotaur
Aim: a minotaur, wielding the +10 trident of Kismet {vorpal, rF- Will+ SInv}, wearing a +0 chain mail and quivering silver javelins (moderately wounded, umbra, 70% to hit)
You throw a poisoned dart.
The poisoned dart barely misses the minotaur.
The minotaur hits you from afar with the +10 trident of Kismet {vorpal, rF- Will+ SInv}!
* * * LOW HITPOINT WARNING * * *
x2 The minotaur throws a silver javelin.
The silver javelin closely misses you.
Throw: 23 darts (poison)
Press: ? - help, Q - select action, (/) - cycle Shift-Dir - straight line, f/p - minotaur
Aim: a minotaur, wielding the +10 trident of Kismet {vorpal, rF- Will+ SInv}, wearing a +0 chain mail and quivering silver javelins (moderately wounded, umbra, 71% to hit)
You throw a poisoned dart. The poisoned dart hits the minotaur.
The minotaur is poisoned.
The minotaur is moderately wounded.
The minotaur throws a silver javelin.
The silver javelin pierces through you.
* * * LOW HITPOINT WARNING * * *
x2 Throw: 22 darts (poison)
Press: ? - help, Q - select action, (/) - cycle Shift-Dir - straight line, f/p - minotaur
Aim: a minotaur, wielding the +10 trident of Kismet {vorpal, rF- Will+ SInv}, wearing a +0 chain mail and quivering silver javelins (lightly wounded, umbra, 70% to hit)
You throw a poisoned dart. The poisoned dart hits the minotaur.
The minotaur is poisoned.
The minotaur is lightly wounded.
The minotaur throws a silver javelin.
The silver javelin pierces through you!
* * * LOW HITPOINT WARNING * * *
You die...

8..h#. ######### #8hh#§.
####.##....#### #####..
##....##.##....##
.......##..##H.(.##.##..#
#####..#...##.##....##.#
^../#..#......##H##....##
.##|#.8#.©.##(...##.##..#
#..##..#...##.##.########
©##B#.∩#.©....##@(...∩###
#..##..#...##....######.#
.##s#.8#.©.##.##....##.##
^..[#..#......##.##....##
#####..#...##....##.##..#
.......##..##.##....##.##
#####..###....##.##....#
....#..≈#####....##.####
.#..#..## #########


You could see a minotaur (poisoned).

Vanquished Creatures
  2 hydras
  Erica (D:8)
  A two-headed ogre (D:9)
  Nergalle (Lair:2)
  An orc knight (Bailey)
  Pikel (D:7)
  2 torpor snails
  Psyche (D:8)
  A black mamba (Lair:1)
  An ice statue (Gauntlet)
  7 cane toads
  5 rime drakes
  6 komodo dragons
  2 hornets (Gauntlet)
  3 dream sheep (Lair:2)
  Eustachio (D:4)
  18 yaks
  2 wyverns
  6 water moccasins
  Purgy (Sewer)
  A necrophage (D:7)
  2 sky beasts (D:7)
  4 orc warriors
  A hornet zombie (D:5)
  7 black bears
  An ogre (D:6)
  A phantom (D:5)
  9 centaurs
  A kobold brigand (D:9)
  10 bullfrogs
  4 scorpions
  2 gnoll sergeants
  A wyvern skeleton (D:5)
  A water moccasin skeleton (D:4)
  4 killer bees (D:7)
  3 howler monkeys
  2 hounds
  4 centaur zombies
  Crazy Yiuf (D:7)
  2 gnoll shamans
  3 centaur skeletons
  6 iguanas
  2 orc wizards (D:9)
  2 scorpion zombies (D:5)
  3 killer bee zombies
  A hound skeleton (D:5)
  A howler monkey zombie (D:9)
  10 adders
  16 gnolls
  A white imp (D:5)
  2 ufetubi
  2 worms
  2 dart slugs (D:4)
  17 orcs
  9 endoplasms
  7 giant cockroaches
  22 goblins
  7 hobgoblins
  8 jackals
  34 kobolds
  6 quokkas
  9 ball pythons
  4 bats
  6 frilled lizards
  3 rats
307 creatures vanquished.

Vanquished Creatures (others)
  A gnoll (D:8)
  14 fungi
  24 plants
  4 toadstools (D:1)
43 creatures vanquished.

Grand Total: 350 creatures vanquished

Notes
Turn   | Place    | Note
-------+----------+-------------------------------------------
     0 | D:1      | st0uf the Gargoyle Fighter began the quest for the Orb.
     0 | D:1      | Reached XP level 1. HP: 14/14 MP: 1/1
   190 | D:1      | Reached XP level 2. HP: 18/19 MP: 2/2
   882 | D:1      | Reached XP level 3. HP: 23/23 MP: 3/3
  1285 | D:2      | Found a faded altar of an unknown god.
  1331 | D:2      | Became a worshipper of Dithmenos the Shadowed
  1331 | D:2      | Reached * piety under Dithmenos
  2053 | D:3      | Reached ** piety under Dithmenos
  2054 | D:3      | Reached XP level 4. HP: 28/28 MP: 4/4
  2088 | D:3      | Found an opulent altar of Gozag.
  2140 | D:3      | Found an iron altar of Okawaru.
  2425 | D:3      | Reached skill level 1 in Stealth
  2428 | D:3      | Found an ancient bone altar of Kikubaaqudgha.
  2771 | D:4      | Found a staircase to the Ecumenical Temple.
  2776 | D:4      | Noticed a scorpion
  2785 | D:4      | Killed a scorpion
  2786 | D:4      | Reached skill level 4 in Shields
  2786 | D:4      | Reached skill level 1 in Invocations
  2786 | D:4      | Reached XP level 5. HP: 33/33 MP: 5/5
  2935 | D:4      | Found a glowing golden altar of the Shining One.
  2939 | D:4      | Reached XP level 6. HP: 38/38 MP: 7/7
  2947 | D:4      | Found a hazy altar of Hepliaklqana.
  2993 | D:4      | Noticed Eustachio
  3015 | D:4      | Killed Eustachio
  3129 | D:4      | Found an iron altar of Okawaru.
  3236 | D:4      | Reached XP level 7. HP: 39/42 MP: 8/8
  3374 | D:4      | Reached skill level 5 in Shields
  3551 | D:4      | Reached *** piety under Dithmenos
  3820 | D:5      | Entered Level 5 of the Dungeon
  3821 | D:5      | Found a glowing drain.
  4010 | Sewer    | Entered a sewer
  4180 | Sewer    | Noticed Purgy
  4193 | Sewer    | Killed Purgy
  4258 | D:5      | Reached XP level 8. HP: 40/48 MP: 10/10
  4395 | D:5      | Reached skill level 5 in Maces & Flails
  4395 | D:5      | Found Jompy's Antique Weapon Shop.
  4413 | D:5      | Reached skill level 6 in Shields
  4545 | D:5      | Bought a twisted broad axe for 207 gold pieces
  4545 | D:5      | Identified the +9 broad axe "Babluon" {speed, Str-5 Dex+5}
                  | (You bought it in a shop on level 5 of the Dungeon)
  5369 | D:6      | Found a stormy altar of Qazlal.
  5754 | D:6      | Reached skill level 1 in Throwing
  5754 | D:6      | Reached skill level 5 in Stealth
  5754 | D:6      | Reached XP level 9. HP: 52/52 MP: 12/12
  5759 | D:6      | Found a basalt altar of Yredelemnul.
  5850 | D:7      | Reached skill level 7 in Shields
  5876 | D:7      | Reached skill level 5 in Armour
  6031 | D:7      | Reached skill level 5 in Invocations
  6085 | D:7      | Noticed Pikel
  6111 | D:7      | Killed Pikel
  6243 | D:7      | Found a runed translucent door.
  6244 | D:7      | Noticed Crazy Yiuf
  6371 | D:7      | Found a flagged portal.
  6392 | D:7      | Reached skill level 8 in Shields
  6402 | Bailey   | Entered a bailey
  6410 | Bailey   | Learned a level 5 spell: Lee's Rapid Deconstruction
  6584 | Bailey   | Noticed an orc knight
  6757 | Bailey   | Killed an orc knight
  6758 | Bailey   | Reached XP level 10. HP: 54/58 MP: 14/14
  6852 | Bailey   | Identified the +0 chain mail of the Doldrums {Str+2}
  7583 | D:7      | Killed Crazy Yiuf
  7703 | D:8      | Found a staircase to the Lair.
  7717 | D:8      | Noticed Erica
  7741 | D:8      | Killed Erica
  7742 | D:8      | Reached skill level 5 in Fighting
  7742 | D:8      | Reached skill level 1 in Earth Magic
  7762 | D:8      | Reached skill level 1 in Spellcasting
  7779 | D:8      | Noticed Psyche
  8031 | D:8      | Found a white marble altar of Elyvilon.
  8067 | D:8      | Killed Psyche
  8099 | D:8      | Reached skill level 9 in Shields
  8360 | D:8      | Found a shadowy altar of Dithmenos.
  8895 | D:9      | Found a blossoming altar of Fedhas.
  9410 | D:9      | Found Votuul's Armour Emporium.
  9429 | D:9      | Noticed a two-headed ogre
  9582 | D:9      | Killed a two-headed ogre
 10029 | D:9      | Reached XP level 11. HP: 59/64 MP: 15/15
 10367 | Lair:1   | Entered Level 1 of the Lair of Beasts
 11126 | Lair:1   | Reached skill level 5 in Earth Magic
 11240 | Lair:1   | Reached **** piety under Dithmenos
 11253 | Lair:1   | Reached skill level 10 in Shields
 11943 | Lair:2   | Found a staircase to the Shoals.
 12150 | Lair:2   | Reached XP level 12. HP: 67/70 MP: 18/18
 12731 | Lair:2   | Noticed Nergalle
 12910 | Lair:2   | Noticed a six-headed hydra
 13427 | Lair:2   | Killed a one-headed hydra
 13849 | Lair:2   | Killed Nergalle
 14070 | Lair:3   | Found a gate leading to a gauntlet.
 14079 | Gauntlet | Entered a Gauntlet
 14079 | Gauntlet | Found a transporter.
 14079 | Gauntlet | Found a transporter.
 14137 | Gauntlet | Found a transporter.
 14157 | Gauntlet | Reached skill level 5 in Throwing
 14190 | Gauntlet | Found a transporter.
 14190 | Gauntlet | Found a transporter.
 14200 | Gauntlet | Found a transporter.
 14210 | Gauntlet | Found a transporter.
 14210 | Gauntlet | Found a transporter.
 14223 | Gauntlet | Found a transporter.
 14230 | Gauntlet | Noticed an entropy weaver
 14303 | Gauntlet | Found a transporter.
 14356 | Gauntlet | Noticed a four-headed hydra
 14389 | Gauntlet | Found a transporter.
 14401 | Gauntlet | Killed a one-headed hydra
 14402 | Gauntlet | Reached skill level 5 in Spellcasting
 14427 | Gauntlet | Identified the ring "Nipheschu" {rF+ rN+}
 14432 | Gauntlet | Found a transporter.
 14522 | Gauntlet | Identified the +10 trident of Kismet {vorpal, rF- Will+
                  | SInv}
 14522 | Gauntlet | Noticed a minotaur
 14562 | Gauntlet | HP: 3/71 [minotaur/silver javelin (8)]
 14562 | Gauntlet | Hit by a silver javelin thrown by a minotaur

Illustrated notes

Levels and vault maps discovered:
D:1:      ldierk_water_garden, layout_loops_ring,
          hangedman_abyss_or_decor_stabs, corexii_item_surrounded_by_moat
D:2:      layout_basic, ebering_ecumenical_altar_box
D:3:      layout_rooms, nicolae_overflow_hidden_temple, lemuel_doored_altar,
          amcnicky_altar_gilded, chequers_serial_rivers_micro_c
D:4:      minmay_polygon_palace, layout_cave_pools,
          amethyst_overflow_temple_binary, minmay_temple_entry_arrows,
          minmay_misc_feat_roman, kennysheep_flooded_box, uniq_eustachio
D:5:      layout_rooms, gup_sewer_entry_glass, serial_shops, shop
D:6:      layout_basic, lemuel_coloured_pillars_altar, grunt_qazlal_sundering,
          roderic_lattice_a
D:7:      layout_layer_cave, enter_bailey_5, dk_vineyard_1, uniq_pikel,
          uniq_crazy_yiuf_cottage
D:8:      black_bear_nest_1, layout_cave_pools, kennysheep_little_box,
          old_standard_altar, lair_entry_dummy, kennysheep_generic_room_6,
          uniq_erica, uniq_psyche
D:9:      layout_roguey, fedhas_ov_isle_minmay, serial_shops, shop,
          chequers_avenue, kennysheep_generic_room_3
Lair:1:   layout_long_grid, beast_lair_carwin_6
Lair:2:   layout_regular_city, minmay_shoals_entry_centaurs,
          chequers_serial_rivers_large_a, uniq_nergalle
Lair:3:   regret_index_bee_streams, layout_concentric_octagons, basic_altar,
          gauntlet_entry_generic
Gauntlet: gammafunk_gauntlet_mixed_choke_point
          [minmay_gauntlet_arena_77_block_sizes,
          minmay_gauntlet_arena_77_two_lines,
          minmay_gauntlet_arena_77_broken_ladder,
          gammafunk_gauntlet_arena_chambers,
          minmay_gauntlet_arena_77_chump_sandwich,
          minmay_gauntlet_arena_77_braids,
          minmay_gauntlet_arena_77_terracotta_army, gauntlet_exit_green]

Skill      XL: |  1  2  3  4  5  6  7  8  9 10 11 12 |
---------------+-------------------------------------+-----
Stealth        | 2 4 5 6 7 9 |  9.8
Maces & Flails | 3 4 5 6 7 8 9 |  9.2
Armour         | 4 5 6 7 |  7.2
Shields        | 4 5 6 8 9 10 | 10.9
Invocations    | 1 2 3 4 5 6 |  6.1
Fighting       | 4 5 6 |  6.4
Throwing       | 1 2 4 5 |  5.1
Earth Magic    | 3 5 6 |  6.9
Spellcasting   | 2 4 5 |  5.0
Dodging        | |  0.5

Action                   |  1- 3 |  4- 6 |  7- 9 | 10-12 || total
-------------------------+-------+-------+-------+-------++-------
Melee: Flail             |   151 |    72 |       |       ||   223
       Mace              |       |    52 |   454 |   706 ||  1212
       Scimitar          |       |       |       |    15 ||    15
Throw: Dart              |       |     8 |    36 |   125 ||   169
       Boomerang         |       |       |     7 |    47 ||    54
Invok: Shadow Step       |       |       |     2 |     3 ||     5
  Use: Scroll            |       |       |    12 |    11 ||    23
       Potion            |       |       |       |     1 ||     1
 Stab: Distracted        |     1 |       |       |       ||     1
Armor: Scale mail        |    74 |    41 |   136 |     4 ||   255
       Chain mail        |       |       |       |   327 ||   327
Dodge: Dodged            |    45 |    32 |   205 |   327 ||   609
Block: Kite shield       |   119 |   119 |   467 |   809 ||  1514
       Reflection        |       |       |    28 |    16 ||    44

Table legend: (Time is in decaauts)
 A = Elapsed time spent in this place.
 B = Non-inter-level travel time spent in this place.
 C = Inter-level travel time spent in this place.
 D = Time resting spent in this place.
 E = Time spent auto-exploring this place.
 F = Levels seen in this place.
 G = Mean time per level.
                   A        B        C        D        E       F      G
               +--------+--------+--------+--------+--------+-----+--------+
         Total |  15028 |  14264 |    764 |   1140 |   8139 |  15 | 1001.9 |
       Dungeon |  10050 |   9554 |    496 |    312 |   6344 |   9 | 1116.7 |
          Lair |   3739 |   3471 |    268 |    524 |   1772 |   3 | 1246.3 |
         Sewer |    212 |    212 |      0 |     48 |     23 |   1 |  212.0 |
        Bailey |    531 |    531 |      0 |     76 |      0 |   1 |  531.0 |
      Gauntlet |    493 |    493 |      0 |    180 |      0 |   1 |  493.0 |
               +--------+--------+--------+--------+--------+-----+--------+

Top non-repeatable levels by time:
  Lair:2: 2086 daAuts
     D:9: 1588 daAuts
  Lair:1: 1539 daAuts
     D:7: 1515 daAuts
     D:1: 1338 daAuts
     D:4: 1165 daAuts
     D:8: 1082 daAuts
     D:6: 973 daAuts
     D:5: 908 daAuts
     D:2: 750 daAuts
     D:3: 728 daAuts
  Bailey: 531 daAuts
Gauntlet: 493 daAuts
   Sewer: 212 daAuts
  Lair:3: 114 daAuts
